 Dungeon Crawl Stone Soup version 0.30.0-19-g36f170ea60 (webtiles) character file.

Game seed: 885648129108343467

23911 Graphine the Spry (level 13, -1/111 HPs)
             Began as a Merfolk Monk on May 28, 2023.
             Was a High Priest of the Shining One.
             Collided with a rock wall (5 damage)
             ... caused by a wretched star
             ... on level 1 of the Abyss.
             The game lasted 00:35:12 (8125 turns).

Graphine the Spry (Merfolk Monk)                    Turns: 8125, Time: 00:35:16

Health: -1/111     AC: 11    Str: 11    XL:     13   Next: 9%
Magic:  0/15       EV: 23    Int: 10    God:    the Shining One [*****.]
Gold:   59         SH:  0    Dex: 27    Spells: 12/12 levels left

rFire   + . .        f - +3 triple sword (heavy)
rCold   + . .        (shield currently unavailable)
rNeg    + + .        P - +4 ring mail {Will+}
rPois   .            (no helmet)
rElec   .            L - scarf {rC+ rF+}
rCorr   .            B - +0 pair of gloves
SInv    .            F - +0 pair of boots
Will    ++...        g - amulet of guardian spirit Stlth
                     i - +6 ring of dexterity
HPRegen 0.00/turn    d - ring "Ifinacwa" {Fly Will+}
MPRegen 0.14/turn

%: guardian spirit
@: confused, ambrosia-drunk, flying, inhibited regen, glowing
A: (nimble swimmer 2), mertail, (teleportitis 2), no potion heal 1, MP-powered
wands, [low MP 2], [inhibited regeneration]
a: Renounce Religion, Divine Shield, Cleansing Flame, Summon Divine Warrior


You were on level 1 of the Abyss.
You worshipped the Shining One.
The Shining One was extremely pleased with you.
You visited 1 branch of the dungeon, and saw 10 of its levels.
You visited the Abyss 1 time.
You also visited: Sewer.

You collected 578 gold pieces.
You spent 519 gold pieces at shops.

Inventory:

Hand Weapons
 a - a +3 great sword
 f - a +3 heavy triple sword (weapon)
 k - a +2 short sword of protection
Missiles
 r - 10 poisoned darts (quivered)
 M - a throwing net
Armour
 B - a +0 pair of gloves (worn)
 F - a +0 pair of boots (worn)
 J - a +1 cloak
 L - a scarf of resistance (worn)
 P - a +4 ring mail of willpower (worn)
Jewellery
 d - the ring "Ifinacwa" (right hand) {Fly Will+}
   (You acquired it on level 3 of the Dungeon)

   [ring of flight]

   Fly:       It grants you flight.
   Will:      It increases your willpower.
 g - an amulet of guardian spirit (around neck)
 i - a +6 ring of dexterity (left hand)
 A - a +6 ring of strength
 C - a ring of willpower
 I - a ring of fire
Wands
 b - a wand of paralysis (6)
 m - a wand of polymorph (9)
 o - a wand of roots (4)
 p - a wand of flame (9)
 D - a wand of mindburst (19)
Scrolls
 j - 3 scrolls of blinking
 w - 7 scrolls of teleportation
 y - 2 scrolls of immolation
 z - a scroll of fear
 O - a scroll of butterflies
Potions
 c - 3 potions of ambrosia
 e - a potion of brilliance
 l - 2 potions of degeneration
 n - a potion of resistance
 q - a potion of attraction
 s - 2 potions of invisibility
 t - a potion of flight
 v - 3 potions of mutation {unknown}
 x - 3 potions of curing {unknown}
 H - a potion of lignification {unknown}
 N - 2 potions of might {unknown}


   Skills:
 * Level 13.0 Fighting
 * Level 14.1 Long Blades
 * Level 15.2 Dodging
 + Level 8.7 Invocations


You had 12 spell levels left.
You didn't know any spells.
Your spell library contained the following spells:

 Spells                   Type           Power      Damage    Failure   Level
 Magic Dart               Conj           0%         1d3       67%         1
 Slow                     Hex            0%         N/A       67%         1
 Searing Ray              Conj           0%         2d4       80%         2
 Confusing Touch          Hex            0%         N/A       95%         3
 Ozocubu's Armour         Ice            0%         N/A       95%         3
 Summon Guardian Golem    Hex/Summ       0%         N/A       95%         3
 Vampiric Draining        Necr           0%         2d6       95%         3
 Fulminant Prism          Conj/Hex       0%         3d5       100%        4
 Olgreb's Toxic Radiance  Pois           0%         N/A       100%        4
 Metabolic Englaciation   Hex/Ice        0%         N/A       100%        5
 Simulacrum               Ice/Necr       0%         N/A       100%        6
 Orb of Destruction       Conj           0%         9d5       100%        7
 Spellforged Servitor     Conj/Summ      0%         N/A       100%        7
 Discord                  Hex            0%         N/A       100%        8
 Ignition                 Fire           0%         3d3       100%        8


Dungeon Overview and Level Annotations

Branches:
Dungeon (10/15)            Temple (0/1) D:6            Lair (0/5) D:9
  Sewer (visited)
    Orc: D:9-12

Altars:
Ashenzari
Cheibriados
Elyvilon
Fedhas
Hepliaklqana
Kikubaaqudgha
Nemelex Xobeh
Qazlal
Ru
Sif Muna
Xom
Yredelemnul
Zin
The Shining One

Shops:
D:8 *[*=

Annotations:
D:10 Sonja


Innate Abilities, Weirdness & Mutations

((You are very nimble when in or above water. (Stealth+, EV+, Speed+++)))
Your lower body shifts to a powerful aquatic tail in water.
((You are often teleported next to monsters.))
Potions are less effective at restoring your health.
You expend magic power (3 MP) to strengthen your wands.
[Your magical capacity is very low. (-20% MP)]
[You do not regenerate when monsters are visible.]


Message History

* * * LOW HITPOINT WARNING * * *
The starcursed mass completely misses you.
Hit: f) +3 triple sword (heavy)
Press: ? - help, Dir - move target, f/p - wretched star
Aim: a wretched star (heavily damaged, haloed, about 15% to evade your +3 heavy triple sword)
You slash the wretched star!
The wretched star is severely damaged.
The wretched star glows turbulently.
The lance of force misses you.
The starcursed mass shrieks in your mind.
* * * LOW HITPOINT WARNING * * *
The wretched star pulses with an eldritch light!
Your regeneration stops near monsters.
You are confused.
Your system partially rejects the healing.
You feel invigorated. The starcursed mass barely misses you.
The wretched star glows turbulently.
The lance of force misses you.
You're too confused to aim your attacks!
Unknown command.
You're too confused to aim your attacks!
You hit the wretched star but do no damage.
The wretched star is severely damaged.
The starcursed mass shrieks in your mind.
* * * LOW HITPOINT WARNING * * *
The starcursed mass barely misses you.
You open the starcursed mass like a pillowcase!!!
You destroy the starcursed mass!
The wretched star pulses with an eldritch light!
You feel less energetic. x2
The wretched star glows turbulently.
The lance of force misses you.
You slash the wretched star!
The wretched star is almost destroyed.
The wretched star glows turbulently.
The lance of force hits you!!
* * * LOW HITPOINT WARNING * * *
You are knocked back by the lance of force.
You slam into the rock wall!
You die...

# .. ... . . .#
.. # . ..#.
#... ######.
#...
#.....##... #
#.....#.###.
#.#...#†#.##
#....#@*∩†# . .
#.....##.......
. .. #..#.
.#..#..#. #.##
.##. .#. .. ##
#.# .###.. # #
.## .†. . # .#.
. . #


You could see a wretched star.

Vanquished Creatures
  A two-headed ogre (D:10)
  The ghost of engelados the Thaumaturge, a novice DjCj of Ashenzari (D:9)
  2 large abominations (Abyss:1)
  7 starcursed masses (Abyss:1)
  Joseph (D:7)
  Maggie (D:7)
  A komodo dragon (D:9)
  An unseen horror (D:10)
  An ancient zyme (Abyss:1)
  5 raiju (Abyss:1)
  Sigmund (D:4)
  2 wyverns
  5 yaks (D:6)
  2 chaos spawn (Abyss:1)
  Eustachio (D:5)
  A neqoxec (Abyss:1)
  2 small abominations (Abyss:1)
  Menkaure (D:6)
  A harpy simulacrum (Abyss:1)
  A water moccasin (D:7)
  2 acid dragons
  Duvessa (D:7)
  Pargi (Sewer)
  An ice beast (D:4)
  An orc warrior (D:9)
  5 sky beasts
  2 black bears
  A centaur (D:10)
  2 kobold brigands
  A wyvern zombie (D:9)
  5 bullfrogs
  A gnoll sergeant (D:9)
  A scorpion (D:6)
  7 wights
  Dowan (D:7)
  8 howler monkeys
  A hound (D:7)
  2 jellies
  A quasit (D:6)
  5 orc priests
  2 iguanas (D:6)
  3 orc wizards
  A howler monkey zombie (D:9)
  5 gnolls (D:9)
  4 adders
  3 shadow imps (D:6)
  6 white imps
  8 ufetubi (D:6)
  2 worms
  A dart slug (D:4)
  19 orcs
  A bat zombie (D:6)
  6 endoplasms
  4 giant cockroaches
  8 goblins
  6 hobgoblins
  3 jackals (D:3)
  3 quokkas
  5 ball pythons
  3 bats
  6 frilled lizards
  17 kobolds
  5 rats
  A rat zombie (D:6)
209 creatures vanquished.

Vanquished Creatures (collateral kills)
  2 tentacled starspawn (Abyss:1)
  4 hell hogs (Abyss:1)
  A worldbinder (Abyss:1)
  A smoke demon (Abyss:1)
  An ancient zyme (Abyss:1)
  3 raiju (Abyss:1)
  A small abomination (Abyss:1)
  6 starcursed masses (Abyss:1)
19 creatures vanquished.

Vanquished Creatures (others)
  4 starspawn tentacles (Abyss:1)
4 creatures vanquished.

Grand Total: 232 creatures vanquished

Notes
Turn   | Place    | Note
-------+----------+-------------------------------------------
     0 | D:1      | Graphine the Merfolk Monk began the quest for the Orb.
     0 | D:1      | Reached XP level 1. HP: 18/18 MP: 1/1
   338 | D:1      | Reached XP level 2. HP: 24/24 MP: 2/2
   826 | D:2      | Reached XP level 3. HP: 30/30 MP: 3/3
  1013 | D:2      | Identified a scroll of acquirement
  1013 | D:2      | Acquired a +2 heavy triple sword
  1398 | D:2      | Found a shimmering blue altar of Sif Muna.
  1641 | D:3      | Acquired the ring "Ifinacwa" {Fly Will+}
  1723 | D:3      | Reached XP level 4. HP: 25/37 MP: 2/4
  1771 | D:3      | Found a glowing drain.
  1805 | D:3      | Reached skill level 5 in Dodging
  1883 | Sewer    | Entered a sewer
  1903 | Sewer    | Noticed Pargi
  1913 | Sewer    | Killed Pargi
  1914 | Sewer    | Reached skill level 5 in Long Blades
  1914 | Sewer    | Reached XP level 5. HP: 28/43 MP: 2/5
  2241 | D:3      | Found a glowing silver altar of Zin.
  2241 | D:3      | Found a white marble altar of Elyvilon.
  2241 | D:3      | Found a glowing golden altar of the Shining One.
  2250 | D:3      | Became a worshipper of the Shining One
  2250 | D:3      | Reached * piety under the Shining One
  2250 | D:3      | Reached ** piety under the Shining One
  2655 | D:4      | Noticed a black bear
  2661 | D:4      | Killed a black bear
  2662 | D:4      | Reached skill level 5 in Fighting
  2662 | D:4      | Reached skill level 6 in Dodging
  2662 | D:4      | Reached skill level 1 in Invocations
  2662 | D:4      | Reached XP level 6. HP: 37/51 MP: 4/6
  2908 | D:4      | Noticed an ice beast
  2920 | D:4      | Killed an ice beast
  2921 | D:4      | Reached XP level 7. HP: 51/56 MP: 5/8
  3026 | D:4      | Noticed Sigmund
  3029 | D:4      | Killed Sigmund
  3210 | D:5      | Entered Level 5 of the Dungeon
  3322 | D:5      | Identified the +1 ring mail "Rykky" {+Inv Dex+4}
  3325 | D:5      | Reached skill level 7 in Dodging
  3347 | D:5      | Noticed Eustachio
  3357 | D:5      | Killed Eustachio
  3820 | D:5      | Found a shimmering blue altar of Sif Muna.
  3848 | D:5      | Found a sacrificial altar of Ru.
  3888 | D:6      | Reached XP level 8. HP: 64/64 MP: 9/9
  3900 | D:6      | Noticed a yak
  3902 | D:6      | Noticed a yak
  3902 | D:6      | Noticed a yak
  3902 | D:6      | Noticed a yak
  3903 | D:6      | Noticed a yak
  3911 | D:6      | Killed a yak
  3918 | D:6      | Killed a yak
  3919 | D:6      | Reached skill level 8 in Dodging
  3921 | D:6      | Killed a yak
  3923 | D:6      | Killed a yak
  3925 | D:6      | Killed a yak
  3929 | D:6      | Reached XP level 9. HP: 29/72 MP: 5/11
  3934 | D:6      | Noticed Menkaure
  3941 | D:6      | Killed Menkaure
  3942 | D:6      | Reached skill level 9 in Dodging
  4026 | D:6      | Reached *** piety under the Shining One
  4069 | D:6      | Found a shimmering altar of Xom.
  4265 | D:6      | Found a blossoming altar of Fedhas.
  4438 | D:6      | Found a staircase to the Ecumenical Temple.
  4552 | D:6      | Found an ancient bone altar of Kikubaaqudgha.
  4659 | D:7      | Noticed Maggie
  4664 | D:7      | Killed Maggie
  4665 | D:7      | Reached skill level 10 in Dodging
  4707 | D:7      | Reached **** piety under the Shining One
  4838 | D:7      | Found a stormy altar of Qazlal.
  4846 | D:7      | Reached skill level 5 in Invocations
  5090 | D:7      | Noticed Dowan
  5091 | D:7      | Noticed Duvessa
  5098 | D:7      | Killed Dowan
  5099 | D:7      | Killed Duvessa
  5100 | D:7      | Reached XP level 10. HP: 75/82 MP: 11/13
  5331 | D:7      | Noticed Joseph
  5347 | D:7      | Killed Joseph
  5491 | D:7      | Found a broken altar of Ashenzari.
  5515 | D:7      | Found a hazy altar of Hepliaklqana.
  5640 | D:8      | Reached skill level 10 in Long Blades
  5738 | D:8      | Found Daddea's General Store.
  5742 | D:8      | Bought a +1 cloak for 149 gold pieces
  5742 | D:8      | Bought a scroll of enchant weapon for 97 gold pieces
  5812 | D:8      | Found Xott's Jewellery Boutique.
  5874 | D:8      | Reached skill level 11 in Dodging
  5905 | D:8      | Identified the +0 scale mail of Complete Protection {Int+3}
  5971 | D:8      | Found Conos's Armour Emporium.
  6044 | D:8      | Found Maeroifuho's General Store.
  6682 | D:9      | Found a snail-covered altar of Cheibriados.
  6724 | D:9      | Found a runed translucent gate.
  6724 | D:9      | Found a runed translucent gate.
  6724 | D:9      | Found a runed translucent gate.
  6724 | D:9      | Noticed engelados's ghost (novice DjCj)
  6726 | D:9      | Found a basalt altar of Yredelemnul.
  6740 | D:9      | Killed engelados's ghost
  6741 | D:9      | Reached skill level 10 in Fighting
  6928 | D:9      | Found a staircase to the Lair.
  7150 | D:10     | Entered Level 10 of the Dungeon
  7266 | D:8      | Bought a +2 ring mail of willpower for 273 gold pieces
  7383 | D:10     | Reached skill level 12 in Dodging
  7394 | D:10     | Noticed an unseen horror
  7400 | D:10     | Killed an unseen horror
  7401 | D:10     | Reached XP level 11. HP: 87/91 MP: 15/15
  7473 | D:10     | Found a sparkling altar of Nemelex Xobeh.
  7490 | D:10     | Noticed a two-headed ogre
  7500 | D:10     | Killed a two-headed ogre
  7637 | D:10     | Noticed Sonja
  7647 | Abyss:1  | Cast into level 1 of the Abyss (Sonja)
  7762 | Abyss:1  | Reached skill level 13 in Dodging
  7762 | Abyss:1  | Reached XP level 12. HP: 50/102 MP: 7/17
  7770 | Abyss:1  | Gained mutation: You have hidden genetic defects. [a
                  | neqoxec]
  7770 | Abyss:1  | Gained mutation: You are occasionally teleported next to
                  | monsters. [a neqoxec]
  7775 | Abyss:1  | Gained mutation: You expend magic power (3 MP) to
                  | strengthen your wands. [a neqoxec]
  7780 | Abyss:1  | Reached skill level 14 in Dodging
  7782 | Abyss:1  | Reached ***** piety under the Shining One
  7918 | Abyss:1  | Identified the +1 tower shield "Veneceod" {Stlth+}
  7933 | Abyss:1  | Noticed a naga warrior
  7936 | Abyss:1  | Noticed a hell hog
  7938 | Abyss:1  | Noticed a hell hog
  7942 | Abyss:1  | Noticed a hell hog
  7943 | Abyss:1  | Noticed a hell hog
  7943 | Abyss:1  | Killed a hell hog
  7944 | Abyss:1  | Killed a hell hog
  7945 | Abyss:1  | Killed a hell hog
  7946 | Abyss:1  | Killed a hell hog
  7958 | Abyss:1  | Gained mutation: You are often teleported next to monsters.
                  | [hidden defects]
  7961 | Abyss:1  | Noticed a tentacled starspawn
  7970 | Abyss:1  | Killed a tentacled starspawn
  7974 | Abyss:1  | Noticed a tentacled starspawn
  7980 | Abyss:1  | Killed a tentacled starspawn
  7998 | Abyss:1  | Reached skill level 15 in Dodging
  7998 | Abyss:1  | Reached XP level 13. HP: 53/109 MP: 13/19
  8012 | Abyss:1  | Gained mutation: Potions are less effective at restoring
                  | your health. [hidden defects]
  8012 | Abyss:1  | Lost mutation: You have hidden genetic defects. [hidden
                  | defects expressed]
  8050 | Abyss:1  | Noticed a starcursed mass
  8105 | Abyss:1  | Noticed a starcursed mass
  8125 | Abyss:1  | HP: 4/111 [wretched star/lance of force (13)]
  8125 | Abyss:1  | Collided with a rock wall

Illustrated notes

Levels and vault maps discovered:
D:1:      dpeg_arrival_pits, layout_loops_ring
D:2:      cheibrodos_greedy_goblins, layout_basic, basic_altar
D:3:      layout_basic, dreamdust_divine_triumvirate, gup_sewer_entry_glass
D:4:      layout_cave_pools, uniq_sigmund
D:5:      layout_loops_ring, nicolae_ru_path_of_blood,
          mainiacjoe_overflow_chevrons, uniq_eustachio
D:6:      layout_gridville, lemuel_zombie_altar_kikubaaqudgha,
          mainiacjoe_overflow_brackets, fedhas_ov_isle_minmay,
          minmay_temple_entry_poolview, serial_demonic, serial_demonic_d,
          serial_demonic_f, serial_demonic_a, serial_demonic_e,
          serial_demonic_c, serial_demonic_f, serial_demonic_g,
          serial_demonic_b, serial_demonic_b, serial_demonic_b,
          chequers_serial_rivers_micro_e, uniq_menkaure
D:7:      nicolae_cairo_tiling, layout_loops_corners, ashenzari_altar_1,
          worldfamousw_hep_ancestral_shrine, mainiacjoe_overflow_cross_hatched,
          uniq_maggie, uniq_joseph, uniq_duvessa
D:8:      layout_basic, serial_shops, nicolae_shop_crystal, shop, shop, shop,
          serial_rivers, chequers_serial_rivers_micro_c,
          chequers_serial_rivers_micro_d, chequers_serial_rivers_large_a,
          chequers_serial_rivers_small_a, chequers_serial_rivers_micro_b,
          st_stairs_12, minmay_circle_x
D:9:      layout_basic, cheibriados_altar_1, nicolae_yredelemnul_ghost_church,
          david_lair_shrubbed
D:10:     layout_irregular_city, grunt_dithmenos_smoke,
          nemelex_xobeh_ov_fountains_minmay, uniq_sonja
Abyss:1:  base:
D:2

Skill      XL: |  1  2  3  4  5  6  7  8  9 10 11 12 13 |
---------------+----------------------------------------+-----
Long Blades    | 4 5 6 8 9 11 12 13 14 | 14.1
Fighting       | 4 5 6 7 8 10 11 12 13 | 13.0
Dodging        | 5 6 7 8 10 12 13 15 | 15.2
Invocations    | 1 2 3 5 6 7 8 |  8.7

Action                     |  1- 3 |  4- 6 |  7- 9 | 10-12 | 13-15 || total
---------------------------+-------+-------+-------+-------+-------++-------
  Melee: Falchion          |    33 |       |       |       |       ||    33
         Short sword       |    22 |       |       |       |       ||    22
         Triple sword      |    33 |    33 |   112 |   121 |    14 ||   313
  Throw: Dart              |       |    28 |    25 |    25 |       ||    78
         Boomerang         |       |     2 |     1 |       |       ||     3
 Invoke: Divine Shield     |       |       |     2 |     1 |       ||     3
         Summon Divine War |       |       |       |     1 |       ||     1
         Cleansing Flame   |       |       |       |       |     1 ||     1
  Evoke: Wand              |       |       |       |     4 |       ||     4
    Use: Scroll            |     9 |     3 |     8 |     7 |       ||    27
         Potion            |     1 |       |     3 |     4 |     1 ||     9
 Armour: Robe              |    15 |     9 |     1 |       |       ||    25
         Ring mail         |       |       |    42 |    38 |     2 ||    82
  Dodge: Dodged            |    87 |    43 |   188 |   239 |    15 ||   572
  Block: Other             |       |       |     5 |     7 |       ||    12
